Connexion

DALLAS Stars vs NASHVILLE Predators

Created - 30 juillet 2023 at 08:17

Goals
1 2 3 T
DALLAS Stars 0 1 2 3
NASHVILLE Predators 1 1 0 2
Shots
1 2 3 T
DALLAS Stars 5 8 15 28
NASHVILLE Predators 9 7 3 19

GoalsPenalties
1st period
1. NASHVILLE Predators , Kevin Labanc 1 (Andrew Copp 1, Matt Grzelcyk 1) at 3:53 (PP)
Darnell Nurse (DAL) for Hooking (Minor) at 2:06
Henrik Borgstrom (NAS) for Boarding (Minor) at 9:28
Blake Comeau (DAL) for Roughing (Minor) at 17:23
2nd period
2. DALLAS Stars , Kevin Hayes 1 (Jason Demers 1, Morgan Frost 2) at 13:55
3. NASHVILLE Predators , Bryan Rust 1 (Chris Tanev 1, T.J. Oshie 1) at 15:46
Darnell Nurse (DAL) for Roughing (Minor) at 18:35
3rd period
4. DALLAS Stars , Tomas Hertl 1 (Reilly Smith 1, Darnell Nurse 1) at 11:55
5. DALLAS Stars , Reilly Smith 1 (Tomas Hertl 1, Mikhail Sergachev 1) at 15:51
Josh Morrissey (NAS) for Interference (Minor) at 0:15
Goalie Stats
Joonas Korpisalo (DAL), 17 saves from 19 shots - (0,895), W, 1-1-0, 60:00 minutes
Matt Murray (NAS), 25 saves from 28 shots - (0,893), L, 0-1-0, 59:10 minutes
3 StarsOfficial
1 - Tomas Hertl (DAL)
2 - Reilly Smith (DAL)
3 - Kevin Hayes (DAL)
Referees : Brian Pochmara and Don Koharski
Linesman : David Brisebois and Michel Cormier
Game Note
No Game Note
Finance
Level 1 -- Attendance: 5531 (92,18%) -- Ticket Income 663 720 $
Level 2 -- Attendance: 4113 (100,00%) -- Ticket Income 329 040 $
Level 3 -- Attendance: 2000 (100,00%) -- Ticket Income 90 000 $
Level 4 -- Attendance: 4000 (100,00%) -- Ticket Income 120 000 $
Luxury Box -- Attendance: 1000 (100,00%) -- Ticket Income 250 000 $
Game was played at the Bridgestone Arena.
Total Attendance: 16644 (97,26%)
Total Ticket Income: 1 452 760 $
Other Income: 290 552 $
Total Income: 1 743 312 $



Team Name Goals Shots Shots Attemp Shots Blocked PIM HIT PP PK FO%
DALLAS Stars 3285436160 / 2 (0%)141%
NASHVILLE Predators 2194794161 / 3 (33%)059%

DALLAS Stars
Player Name POS G A P +/- PIM HIT SHT SB MP PP MP PP SHT PK MP PK SHT FO% FOT
Blake ComeauLW/RW000020005:010:0000:0000% 2
Darnell NurseD0110462023:071:3200:4800% 0
Dylan CozensC000-1000023:311:4903:10042% 19
Ethan BearD0001000121:502:0702:4600% 0
Jason DemersD0111030013:090:0000:0000% 0
Johan LarssonC/LW/RW000000315:550:0000:28029% 7
Kevin HayesC/LW/RW1011014013:271:5020:0000% 0
Mikhail SergachevD0111031021:502:0702:4600% 0
Morgan FrostC0111002012:170:0000:15033% 12
Nick LeddyD0000001125:201:3202:4000% 0
Reilly SmithLW/RW1122005019:041:5001:5500% 1
Sam ReinhartC/RW0002000015:190:0000:0000% 1
Sebastien AhoC/LW/RW000-1003021:571:4901:55040% 5
Tanner JeannotLW/RW000000005:020:0000:0000% 0
Tomas HertlC/LW1122023017:091:5000:00055% 20
Tyler BertuzziLW/RW000-1012023:301:4913:09050% 6
Vladislav GavrikovD0001000014:420:0001:5200% 0
William KarlssonC/LW0001002012:020:0000:0000% 0
NASHVILLE Predators
Player Name POS G A P +/- PIM HIT SHT SB MP PP MP PP SHT PK MP PK SHT FO% FOT
Andrew CoppC/LW011-2020018:042:1500:000100% 5
Bryan RustLW/RW1010002011:180:0000:0000% 1
Calle JarnkrokC/LW/RW0000011023:213:1102:3000% 0
Cam FowlerD000-1000125:112:4200:3700% 0
Chris TanevD0111000214:490:0002:0300% 0
Colin WhiteC/RW000000006:580:0001:0900% 0
Erik GustafssonD0001000114:300:0001:4400% 0
Henrik BorgstromC000020005:480:0000:00043% 7
Josh MorrisseyD000-1230325:322:4100:5900% 0
Kevin LabancLW/RW101-2044018:042:1520:0000% 0
Matt GrzelcykD011-2002020:562:4411:5500% 0
Mitch MarnerRW0000011020:513:1100:000100% 1
Moritz SeiderD000-2011019:012:4410:0000% 0
Oskar SteenC000001005:490:0000:000100% 1
Ryan DonatoC/LW0000011112:460:0001:09033% 9
Seth JarvisC000-2011015:490:0000:00067% 21
T.J. OshieC/LW/RW0110004013:522:1520:0000% 0
Vladislav NamestnikovC/LW/RW0000012123:213:1102:30057% 28



Play-by-Play

1st period


0:01 of 1st period - Vladislav Namestnikov wins face-off versus Dylan Cozens in neutral zone.
0:17 of 1st period - Shot by Cam Fowler.
0:17 of 1st period - Shot Misses the Net.
0:37 of 1st period - Shot by Sebastien Aho.
0:37 of 1st period - Stopped by Matt Murray without a rebound.
0:38 of 1st period - Seth Jarvis wins face-off versus Tomas Hertl in NASHVILLE Predators zone.
1:29 of 1st period - Icing by Moritz Seider.
1:30 of 1st period - Seth Jarvis wins face-off versus Morgan Frost in NASHVILLE Predators zone.
1:41 of 1st period - Off-side.
1:42 of 1st period - Ryan Donato wins face-off versus Blake Comeau in neutral zone.
1:56 of 1st period - Ryan Donato is hit by Darnell Nurse and loses puck.
2:05 of 1st period - Shot by T.J. Oshie.
2:05 of 1st period - Shot Misses the Net.
2:06 of 1st period - Minor Penalty to Darnell Nurse for Hooking.
2:07 of 1st period - Vladislav Namestnikov wins face-off versus Tyler Bertuzzi in DALLAS Stars zone.
2:32 of 1st period - Icing by Vladislav Namestnikov.
2:33 of 1st period - Vladislav Namestnikov wins face-off versus Tyler Bertuzzi in NASHVILLE Predators zone.
2:51 of 1st period - Cam Fowler is hit by Mikhail Sergachev and loses puck.
3:29 of 1st period - Shot by Matt Grzelcyk.
3:29 of 1st period - Shot Misses the Net.
3:39 of 1st period - Shot by Andrew Copp.
3:39 of 1st period - Shot Misses the Net.
3:41 of 1st period - Shot by Andrew Copp.
3:41 of 1st period - Deflect By Kevin Labanc.
3:41 of 1st period - Stopped by Joonas Korpisalo without a rebound.
3:42 of 1st period - Andrew Copp wins face-off versus Sebastien Aho in DALLAS Stars zone.
3:43 of 1st period - Shot by Matt Grzelcyk.
3:43 of 1st period - Shot Hit the Post.
3:45 of 1st period - Shot by Moritz Seider.
3:45 of 1st period - Stopped by Joonas Korpisalo without a rebound.
3:46 of 1st period - Andrew Copp wins face-off versus Sebastien Aho in DALLAS Stars zone.
3:47 of 1st period - Shot by T.J. Oshie.
3:47 of 1st period - Stopped by Joonas Korpisalo without a rebound.
3:48 of 1st period - Andrew Copp wins face-off versus Sebastien Aho in DALLAS Stars zone.
3:51 of 1st period - Shot by Kevin Labanc.
3:51 of 1st period - Shot Blocked by Ethan Bear.
3:53 of 1st period - Shot by Andrew Copp.
3:53 of 1st period - Deflect By Kevin Labanc.
3:53 of 1st period - Goal by Kevin Labanc - DALLAS Stars : 0 - NASHVILLE Predators : 1.
3:54 of 1st period - Morgan Frost wins face-off versus Vladislav Namestnikov in neutral zone.
4:18 of 1st period - Icing by Cam Fowler.
4:19 of 1st period - Dylan Cozens wins face-off versus Vladislav Namestnikov in NASHVILLE Predators zone.
4:30 of 1st period - Shot by Dylan Cozens.
4:30 of 1st period - Shot Misses the Net.
5:01 of 1st period - Bryan Rust is hit by Darnell Nurse and loses puck.
5:07 of 1st period - T.J. Oshie is hit by Darnell Nurse and loses puck.
5:12 of 1st period - Shot by T.J. Oshie.
5:12 of 1st period - Stopped by Joonas Korpisalo with a rebound.
5:14 of 1st period - Shot by Ryan Donato.
5:14 of 1st period - Shot Misses the Net.
5:16 of 1st period - Shot by Ryan Donato.
5:16 of 1st period - Stopped by Joonas Korpisalo without a rebound.
5:17 of 1st period - Tomas Hertl wins face-off versus Henrik Borgstrom in DALLAS Stars zone.
5:50 of 1st period - Off-side.
5:51 of 1st period - Seth Jarvis wins face-off versus Morgan Frost in neutral zone.
6:05 of 1st period - Off-side.
6:06 of 1st period - Vladislav Namestnikov wins face-off versus Johan Larsson in neutral zone.
6:17 of 1st period - Shot by Mitch Marner.
6:17 of 1st period - Shot Hit the Post.
6:28 of 1st period - Icing by Cam Fowler.
6:29 of 1st period - Vladislav Namestnikov wins face-off versus Morgan Frost in NASHVILLE Predators zone.
7:09 of 1st period - Icing by Ethan Bear.
7:10 of 1st period - Morgan Frost wins face-off versus Seth Jarvis in DALLAS Stars zone.
7:10 of 1st period - Morgan Frost is hit by Seth Jarvis.
7:18 of 1st period - Shot by William Karlsson.
7:18 of 1st period - Shot Misses the Net.
8:13 of 1st period - Shot by Nick Leddy.
8:13 of 1st period - Shot Misses the Net.
8:15 of 1st period - Shot by Darnell Nurse.
8:15 of 1st period - Shot Misses the Net.
8:33 of 1st period - Shot by Darnell Nurse.
8:33 of 1st period - Shot Misses the Net.
8:47 of 1st period - Shot by Sebastien Aho.
8:47 of 1st period - Shot Misses the Net.
9:08 of 1st period - Off-side.
9:09 of 1st period - Henrik Borgstrom wins face-off versus Tomas Hertl in neutral zone.
9:27 of 1st period - Tomas Hertl is hit by Oskar Steen and loses puck.
9:28 of 1st period - Minor Penalty to Henrik Borgstrom for Boarding.
9:29 of 1st period - Tomas Hertl wins face-off versus Vladislav Namestnikov in NASHVILLE Predators zone.
9:38 of 1st period - Shot by Reilly Smith.
9:38 of 1st period - Shot Misses the Net.
9:40 of 1st period - Shot by Kevin Hayes.
9:40 of 1st period - Stopped by Matt Murray without a rebound.
9:41 of 1st period - Dylan Cozens wins face-off versus Vladislav Namestnikov in NASHVILLE Predators zone.
9:58 of 1st period - Shot by Tyler Bertuzzi.
9:58 of 1st period - Shot Misses the Net.
10:10 of 1st period - Shot by Tyler Bertuzzi.
10:10 of 1st period - Shot Blocked by Vladislav Namestnikov.
13:16 of 1st period - Shot by Reilly Smith.
13:16 of 1st period - Stopped by Matt Murray without a rebound.
13:17 of 1st period - Vladislav Namestnikov wins face-off versus Morgan Frost in NASHVILLE Predators zone.
13:46 of 1st period - Off-side.
13:47 of 1st period - Seth Jarvis wins face-off versus Dylan Cozens in neutral zone.
13:50 of 1st period - Dylan Cozens is hit by Andrew Copp and loses puck.
14:09 of 1st period - Shot by Kevin Labanc.
14:09 of 1st period - Stopped by Joonas Korpisalo without a rebound.
14:10 of 1st period - Vladislav Namestnikov wins face-off versus Tomas Hertl in DALLAS Stars zone.
14:25 of 1st period - Shot by Calle Jarnkrok.
14:25 of 1st period - Shot Misses the Net.
14:31 of 1st period - Shot by Vladislav Namestnikov.
14:31 of 1st period - Stopped by Joonas Korpisalo without a rebound.
14:32 of 1st period - Seth Jarvis wins face-off versus Dylan Cozens in DALLAS Stars zone.
14:42 of 1st period - Dylan Cozens is hit by Josh Morrissey and loses puck.
15:28 of 1st period - Icing by Josh Morrissey.
15:29 of 1st period - Tomas Hertl wins face-off versus Seth Jarvis in NASHVILLE Predators zone.
15:30 of 1st period - Shot by Sam Reinhart.
15:30 of 1st period - Shot Blocked by Cam Fowler.
15:51 of 1st period - Reilly Smith is hit by Josh Morrissey and loses puck.
15:54 of 1st period - Shot by Tomas Hertl.
15:54 of 1st period - Stopped by Matt Murray with a rebound.
16:43 of 1st period - Vladislav Gavrikov is hit by Moritz Seider and loses puck.
17:04 of 1st period - Shot by Mitch Marner.
17:04 of 1st period - Stopped by Joonas Korpisalo without a rebound.
17:05 of 1st period - Dylan Cozens wins face-off versus Ryan Donato in DALLAS Stars zone.
17:18 of 1st period - Shot by Sebastien Aho.
17:18 of 1st period - Stopped by Matt Murray without a rebound.
17:19 of 1st period - Johan Larsson wins face-off versus Henrik Borgstrom in NASHVILLE Predators zone.
17:23 of 1st period - Minor Penalty to Blake Comeau for Roughing.
17:24 of 1st period - Tyler Bertuzzi wins face-off versus Vladislav Namestnikov in DALLAS Stars zone.
17:24 of 1st period - Tyler Bertuzzi is hit by Calle Jarnkrok.
17:37 of 1st period - Mitch Marner is hit by Mikhail Sergachev and loses puck.
18:02 of 1st period - Shot by Matt Grzelcyk.
18:02 of 1st period - Shot Misses the Net.
18:13 of 1st period - Icing by Calle Jarnkrok.
18:14 of 1st period - Sebastien Aho wins face-off versus Vladislav Namestnikov in NASHVILLE Predators zone.
Goals for this period are 0 for DALLAS Stars vs 1 for NASHVILLE Predators .
Shots for this period are 5 for DALLAS Stars vs 9 for NASHVILLE Predators .

2nd period


0:01 of 2nd period - Mitch Marner wins face-off versus Dylan Cozens in neutral zone.
0:36 of 2nd period - Off-side.
0:37 of 2nd period - Tomas Hertl wins face-off versus Ryan Donato in neutral zone.
1:19 of 2nd period - Shot by Ethan Bear.
1:19 of 2nd period - Shot Blocked by Ryan Donato.
1:53 of 2nd period - Shot by Dylan Cozens.
1:53 of 2nd period - Shot Blocked by Josh Morrissey.
1:58 of 2nd period - Off-side.
1:59 of 2nd period - Vladislav Namestnikov wins face-off versus Morgan Frost in neutral zone.
2:14 of 2nd period - Shot by Calle Jarnkrok.
2:14 of 2nd period - Stopped by Joonas Korpisalo without a rebound.
2:15 of 2nd period - Dylan Cozens wins face-off versus Henrik Borgstrom in DALLAS Stars zone.
4:11 of 2nd period - Icing by Calle Jarnkrok.
4:12 of 2nd period - Morgan Frost wins face-off versus Vladislav Namestnikov in NASHVILLE Predators zone.
4:21 of 2nd period - Shot by William Karlsson.
4:21 of 2nd period - Shot Misses the Net.
4:31 of 2nd period - Shot by Kevin Hayes.
4:31 of 2nd period - Shot Misses the Net.
4:33 of 2nd period - Shot by Morgan Frost.
4:33 of 2nd period - Stopped by Matt Murray without a rebound.
4:34 of 2nd period - Johan Larsson wins face-off versus Ryan Donato in NASHVILLE Predators zone.
5:03 of 2nd period - Shot by Johan Larsson.
5:03 of 2nd period - Stopped by Matt Murray without a rebound.
5:04 of 2nd period - Seth Jarvis wins face-off versus Dylan Cozens in NASHVILLE Predators zone.
6:16 of 2nd period - T.J. Oshie is hit by Tomas Hertl and loses puck.
6:36 of 2nd period - Icing by Reilly Smith.
6:37 of 2nd period - Vladislav Namestnikov wins face-off versus Sam Reinhart in DALLAS Stars zone.
7:07 of 2nd period - Vladislav Namestnikov is hit by Kevin Hayes.
7:21 of 2nd period - Shot by Kevin Hayes.
7:21 of 2nd period - Deflect By William Karlsson.
7:21 of 2nd period - Stopped by Matt Murray without a rebound.
7:22 of 2nd period - Seth Jarvis wins face-off versus Dylan Cozens in NASHVILLE Predators zone.
7:45 of 2nd period - Kevin Labanc is hit by Mikhail Sergachev and loses puck.
7:56 of 2nd period - Shot by Kevin Labanc.
7:56 of 2nd period - Shot Misses the Net.
7:58 of 2nd period - Shot by Cam Fowler.
7:58 of 2nd period - Shot Misses the Net.
8:00 of 2nd period - Shot by Kevin Labanc.
8:00 of 2nd period - Shot Misses the Net.
8:28 of 2nd period - Shot by Bryan Rust.
8:28 of 2nd period - Shot Misses the Net.
8:32 of 2nd period - Shot by Bryan Rust.
8:32 of 2nd period - Shot Misses the Net.
8:34 of 2nd period - Shot by T.J. Oshie.
8:34 of 2nd period - Stopped by Joonas Korpisalo without a rebound.
8:35 of 2nd period - Tomas Hertl wins face-off versus Vladislav Namestnikov in DALLAS Stars zone.
8:44 of 2nd period - Vladislav Namestnikov is hit by Tomas Hertl and loses puck.
9:02 of 2nd period - Shot by Matt Grzelcyk.
9:02 of 2nd period - Stopped by Joonas Korpisalo without a rebound.
9:03 of 2nd period - Ryan Donato wins face-off versus Morgan Frost in DALLAS Stars zone.
9:13 of 2nd period - Icing by Vladislav Gavrikov.
9:14 of 2nd period - Morgan Frost wins face-off versus Henrik Borgstrom in DALLAS Stars zone.
9:35 of 2nd period - Shot by William Karlsson.
9:35 of 2nd period - Deflect By Kevin Hayes.
9:35 of 2nd period - Stopped by Matt Murray without a rebound.
9:36 of 2nd period - Dylan Cozens wins face-off versus Vladislav Namestnikov in NASHVILLE Predators zone.
9:56 of 2nd period - Shot by Nick Leddy.
9:56 of 2nd period - Stopped by Matt Murray without a rebound.
9:57 of 2nd period - Seth Jarvis wins face-off versus Tomas Hertl in NASHVILLE Predators zone.
10:01 of 2nd period - Icing by Kevin Labanc.
10:02 of 2nd period - Dylan Cozens wins face-off versus Seth Jarvis in NASHVILLE Predators zone.
10:23 of 2nd period - Andrew Copp is hit by Tyler Bertuzzi.
11:00 of 2nd period - Off-side.
11:01 of 2nd period - Vladislav Namestnikov wins face-off versus Tomas Hertl in neutral zone.
11:14 of 2nd period - Shot by Josh Morrissey.
11:14 of 2nd period - Shot Misses the Net.
12:44 of 2nd period - Shot by Morgan Frost.
12:44 of 2nd period - Stopped by Matt Murray without a rebound.
12:45 of 2nd period - Seth Jarvis wins face-off versus Dylan Cozens in NASHVILLE Predators zone.
13:04 of 2nd period - Shot by Seth Jarvis.
13:04 of 2nd period - Stopped by Joonas Korpisalo with a rebound.
13:28 of 2nd period - Shot by Andrew Copp.
13:28 of 2nd period - Shot Misses the Net.
13:55 of 2nd period - Shot by Kevin Hayes.
13:55 of 2nd period - Goal by Kevin Hayes - DALLAS Stars : 1 - NASHVILLE Predators : 1.
13:56 of 2nd period - Vladislav Namestnikov wins face-off versus Johan Larsson in neutral zone.
14:23 of 2nd period - Cam Fowler is hit by Jason Demers and loses puck.
14:58 of 2nd period - Icing by Cam Fowler.
14:59 of 2nd period - Dylan Cozens wins face-off versus Vladislav Namestnikov in NASHVILLE Predators zone.
15:08 of 2nd period - Shot by Tyler Bertuzzi.
15:08 of 2nd period - Stopped by Matt Murray with a rebound.
15:46 of 2nd period - Shot by Bryan Rust.
15:46 of 2nd period - Goal by Bryan Rust - DALLAS Stars : 1 - NASHVILLE Predators : 2.
15:47 of 2nd period - Seth Jarvis wins face-off versus Tomas Hertl in neutral zone.
16:55 of 2nd period - Shot by Morgan Frost.
16:55 of 2nd period - Shot Blocked by Chris Tanev.
17:09 of 2nd period - Shot by Bryan Rust.
17:09 of 2nd period - Shot Misses the Net.
17:17 of 2nd period - Shot by T.J. Oshie.
17:17 of 2nd period - Shot Misses the Net.
18:34 of 2nd period - Vladislav Namestnikov is hit by Darnell Nurse and loses puck.
18:35 of 2nd period - Minor Penalty to Darnell Nurse for Roughing.
18:36 of 2nd period - Andrew Copp wins face-off versus Johan Larsson in DALLAS Stars zone.
18:41 of 2nd period - Shot by Andrew Copp.
18:41 of 2nd period - Shot Blocked by Johan Larsson.
18:43 of 2nd period - Shot by T.J. Oshie.
18:43 of 2nd period - Stopped by Joonas Korpisalo with a rebound.
18:55 of 2nd period - Shot by Andrew Copp.
18:55 of 2nd period - Shot Misses the Net.
18:57 of 2nd period - Shot by Matt Grzelcyk.
18:57 of 2nd period - Stopped by Joonas Korpisalo without a rebound.
18:58 of 2nd period - Tyler Bertuzzi wins face-off versus Vladislav Namestnikov in DALLAS Stars zone.
19:38 of 2nd period - Reilly Smith is hit by Kevin Labanc.
Goals for this period are 1 for DALLAS Stars vs 1 for NASHVILLE Predators .
Shots for this period are 8 for DALLAS Stars vs 7 for NASHVILLE Predators .

3rd period


0:01 of 3rd period - Vladislav Namestnikov wins face-off versus Tyler Bertuzzi in neutral zone.
0:15 of 3rd period - Minor Penalty to Josh Morrissey for Interference.
0:16 of 3rd period - Tyler Bertuzzi wins face-off versus Ryan Donato in NASHVILLE Predators zone.
1:05 of 3rd period - Shot by Kevin Hayes.
1:05 of 3rd period - Stopped by Matt Murray without a rebound.
1:06 of 3rd period - Vladislav Namestnikov wins face-off versus Dylan Cozens in NASHVILLE Predators zone.
1:46 of 3rd period - Shot by Dylan Cozens.
1:46 of 3rd period - Deflect By Tyler Bertuzzi.
1:46 of 3rd period - Stopped by Matt Murray without a rebound.
1:47 of 3rd period - Vladislav Namestnikov wins face-off versus Tomas Hertl in NASHVILLE Predators zone.
2:16 of 3rd period - Shot by Johan Larsson.
2:16 of 3rd period - Stopped by Matt Murray without a rebound.
2:17 of 3rd period - Seth Jarvis wins face-off versus Johan Larsson in NASHVILLE Predators zone.
2:36 of 3rd period - Shot by Blake Comeau.
2:36 of 3rd period - Shot Misses the Net.
2:38 of 3rd period - Shot by Johan Larsson.
2:38 of 3rd period - Stopped by Matt Murray without a rebound.
2:39 of 3rd period - Tomas Hertl wins face-off versus Vladislav Namestnikov in NASHVILLE Predators zone.
2:44 of 3rd period - Shot by Reilly Smith.
2:44 of 3rd period - Stopped by Matt Murray with a rebound.
2:52 of 3rd period - Tomas Hertl is hit by Mitch Marner and loses puck.
3:07 of 3rd period - Shot by Vladislav Namestnikov.
3:07 of 3rd period - Shot Misses the Net.
3:21 of 3rd period - Shot by Calle Jarnkrok.
3:21 of 3rd period - Shot Misses the Net.
4:06 of 3rd period - Icing by Mikhail Sergachev.
4:07 of 3rd period - Sebastien Aho wins face-off versus Ryan Donato in DALLAS Stars zone.
4:16 of 3rd period - Shot by Sebastien Aho.
4:16 of 3rd period - Shot Misses the Net.
5:09 of 3rd period - Vladislav Gavrikov is hit by Vladislav Namestnikov and loses puck.
6:05 of 3rd period - Shot by Darnell Nurse.
6:05 of 3rd period - Stopped by Matt Murray without a rebound.
6:06 of 3rd period - Seth Jarvis wins face-off versus Reilly Smith in NASHVILLE Predators zone.
6:26 of 3rd period - Reilly Smith is hit by Kevin Labanc and loses puck.
7:36 of 3rd period - Shot by Bryan Rust.
7:36 of 3rd period - Stopped by Joonas Korpisalo without a rebound.
7:37 of 3rd period - Vladislav Namestnikov wins face-off versus Morgan Frost in DALLAS Stars zone.
7:37 of 3rd period - Mitch Marner is hit by Jason Demers and loses puck.
7:56 of 3rd period - Shot by William Karlsson.
7:56 of 3rd period - Shot Misses the Net.
7:58 of 3rd period - Shot by Kevin Hayes.
7:58 of 3rd period - Shot Blocked by Josh Morrissey.
8:18 of 3rd period - Shot by William Karlsson.
8:18 of 3rd period - Stopped by Matt Murray without a rebound.
8:19 of 3rd period - Tomas Hertl wins face-off versus Bryan Rust in NASHVILLE Predators zone.
8:22 of 3rd period - Shot by Sam Reinhart.
8:22 of 3rd period - Shot Misses the Net.
8:30 of 3rd period - Shot by Reilly Smith.
8:30 of 3rd period - Stopped by Matt Murray without a rebound.
8:31 of 3rd period - Dylan Cozens wins face-off versus Seth Jarvis in NASHVILLE Predators zone.
8:52 of 3rd period - Ethan Bear is hit by Kevin Labanc and loses puck.
9:20 of 3rd period - Icing by Matt Grzelcyk.
9:21 of 3rd period - Andrew Copp wins face-off versus Tomas Hertl in NASHVILLE Predators zone.
9:23 of 3rd period - Icing by Kevin Labanc.
9:24 of 3rd period - Tomas Hertl wins face-off versus Seth Jarvis in NASHVILLE Predators zone.
10:20 of 3rd period - Shot by Vladislav Namestnikov.
10:20 of 3rd period - Shot Misses the Net.
10:32 of 3rd period - Mitch Marner is hit by Jason Demers and loses puck.
11:35 of 3rd period - Shot by Dylan Cozens.
11:35 of 3rd period - Shot Blocked by Erik Gustafsson.
11:37 of 3rd period - Shot by Ethan Bear.
11:37 of 3rd period - Shot Blocked by Chris Tanev.
11:39 of 3rd period - Shot by Sebastien Aho.
11:39 of 3rd period - Stopped by Matt Murray without a rebound.
11:40 of 3rd period - Tomas Hertl wins face-off versus Seth Jarvis in NASHVILLE Predators zone.
11:53 of 3rd period - Shot by Reilly Smith.
11:53 of 3rd period - Shot Misses the Net.
11:55 of 3rd period - Shot by Tomas Hertl.
11:55 of 3rd period - Goal by Tomas Hertl - DALLAS Stars : 2 - NASHVILLE Predators : 2.
11:56 of 3rd period - Henrik Borgstrom wins face-off versus Blake Comeau in neutral zone.
12:09 of 3rd period - Shot by Darnell Nurse.
12:09 of 3rd period - Stopped by Matt Murray without a rebound.
12:10 of 3rd period - Seth Jarvis wins face-off versus Dylan Cozens in NASHVILLE Predators zone.
12:23 of 3rd period - Shot by Kevin Labanc.
12:23 of 3rd period - Stopped by Joonas Korpisalo without a rebound.
12:24 of 3rd period - Tomas Hertl wins face-off versus Ryan Donato in DALLAS Stars zone.
12:24 of 3rd period - Tomas Hertl is hit by Ryan Donato.
12:30 of 3rd period - Shot by Reilly Smith.
12:30 of 3rd period - Shot Misses the Net.
12:32 of 3rd period - Shot by Tomas Hertl.
12:32 of 3rd period - Stopped by Matt Murray without a rebound.
12:33 of 3rd period - Henrik Borgstrom wins face-off versus Dylan Cozens in NASHVILLE Predators zone.
12:35 of 3rd period - Icing by Josh Morrissey.
12:36 of 3rd period - Oskar Steen wins face-off versus Dylan Cozens in NASHVILLE Predators zone.
12:40 of 3rd period - Cam Fowler is hit by Darnell Nurse and loses puck.
13:40 of 3rd period - Mitch Marner is hit by Darnell Nurse and loses puck.
13:43 of 3rd period - Shot by Calle Jarnkrok.
13:43 of 3rd period - Shot Blocked by Nick Leddy.
14:08 of 3rd period - Off-side.
14:09 of 3rd period - Seth Jarvis wins face-off versus Tomas Hertl in neutral zone.
14:32 of 3rd period - Shot by Reilly Smith.
14:32 of 3rd period - Stopped by Matt Murray with a rebound.
14:34 of 3rd period - Shot by Mikhail Sergachev.
14:34 of 3rd period - Stopped by Matt Murray without a rebound.
14:35 of 3rd period - Ryan Donato wins face-off versus Morgan Frost in NASHVILLE Predators zone.
15:07 of 3rd period - Kevin Hayes is hit by Josh Morrissey and loses puck.
15:47 of 3rd period - Shot by Tomas Hertl.
15:47 of 3rd period - Shot Misses the Net.
15:49 of 3rd period - Shot by Tomas Hertl.
15:49 of 3rd period - Shot Blocked by Josh Morrissey.
15:51 of 3rd period - Shot by Reilly Smith.
15:51 of 3rd period - Goal by Reilly Smith - DALLAS Stars : 3 - NASHVILLE Predators : 2.
15:52 of 3rd period - Vladislav Namestnikov wins face-off versus Johan Larsson in neutral zone.
16:05 of 3rd period - Shot by Vladislav Namestnikov.
16:05 of 3rd period - Stopped by Joonas Korpisalo without a rebound.
16:06 of 3rd period - Tomas Hertl wins face-off versus Seth Jarvis in DALLAS Stars zone.
16:13 of 3rd period - Darnell Nurse is hit by Andrew Copp and loses puck.
16:20 of 3rd period - Shot by Seth Jarvis.
16:20 of 3rd period - Shot Misses the Net.
16:55 of 3rd period - Tomas Hertl is hit by Kevin Labanc and loses puck.
17:16 of 3rd period - Shot by Calle Jarnkrok.
17:16 of 3rd period - Shot Misses the Net.
17:28 of 3rd period - Shot by Mitch Marner.
17:28 of 3rd period - Shot Misses the Net.
19:10 of 3rd period - NASHVILLE Predators , Matt Murray is pulled from the net.
Goals for this period are 2 for DALLAS Stars vs 0 for NASHVILLE Predators .
Shots for this period are 15 for DALLAS Stars vs 3 for NASHVILLE Predators .